 Dungeon Crawl Stone Soup version 0.28.0-53-g5a82cb258f (webtiles) character file.

Game seed: 6864094024188006435

7 SanguineChosen the Chopper (level 2, -1/27 HPs)
             Began as a Hill Orc Cinder Acolyte on June 22, 2022.
             Was a High Priest of Ignis.
             Succumbed to an adder's poison
             ... on level 2 of the Dungeon.
             The game lasted 00:03:25 (1355 turns).

SanguineChosen the Chopper (HOCA)                   Turns: 1355, Time: 00:03:26

Health: -1/27      AC:  6    Str: 16    XL:     2   Next: 0%
Magic:  3/3        EV: 11    Int: 14    God:    Ignis [*****.]
Gold:   52         SH:  0    Dex:  6    Spells: 3/3 levels left

rFire   + . .      SeeInvis .   a - -1 hand axe (flame)
rCold   . . .      Faith    .   (no shield)
rNeg    . . .      Spirit   .   b - +0 robe
rPois   .          Reflect  .   (no helmet)
rElec   .          Harm     .   (no cloak)
rCorr   .          Rampage  .   (no gloves)
Will    .....                   (no boots)
Stlth   +.........              (no amulet)
HPRegen 0.09/turn               h - +4 ring of protection
MPRegen 0.08/turn               (no ring)

@: lethally poisoned (-1 -> -8)
A: no striking features
a: Renounce Religion, Fiery Armour, Foxfire Swarm, Rising Flame


You were on level 2 of the Dungeon.
You worshipped Ignis.
Ignis was extremely pleased with you.
You visited 1 branch of the dungeon, and saw 2 of its levels.

You collected 52 gold pieces.

Inventory:

Hand Weapons
 a - a -1 hand axe of flaming (weapon)
Armour
 b - a +0 robe (worn)
Jewellery
 h - a +4 ring of protection (left hand)
 k - a ring of wizardry
Scrolls
 c - a scroll of teleportation {unknown}
 d - 2 scrolls of identify {unknown}
 j - a scroll of magic mapping {unknown}
 l - a scroll of torment {unknown}
Potions
 e - 2 potions of invisibility {unknown}
 f - a potion of cancellation {unknown}
 g - a potion of heal wounds {unknown}
 i - a potion of might {unknown}


   Skills:
 + Level 3.9 Fighting
 + Level 4.2 Axes
 + Level 1.0 Spellcasting
 + Level 3.4 Fire Magic


You had 3 spell levels left.
You didn't know any spells.
Your spell library contained the following spells:

 Spells                   Type           Power      Damage    Failure   Level
 Scorch                   Fire           20%        2d6       10%         2


Dungeon Overview and Level Annotations

Branches:
Dungeon (2/15)

Altars:


Message History

You barely miss the giant cockroach.
The giant cockroach bites you but does no damage.
You barely miss the adder.
You hit the giant cockroach but do no damage.
The giant cockroach misses you. The adder closely misses you.
The giant cockroach bites you but does no damage.
The adder bites you.
You are poisoned.
The adder poisons you!
You closely miss the adder. You closely miss the giant cockroach.
You feel sick. The adder barely misses you. The giant cockroach bites you.
You closely miss the adder. You hit the giant cockroach.
You burn the giant cockroach.
You kill the giant cockroach!
You feel sick. The adder bites you.
You have reached level 2!
You hit the adder. You burn the adder.
The adder is severely wounded.
You feel sick. The adder misses you. The adder bites you.
* * * LOW HITPOINT WARNING * * *
You miss the adder.
The adder is severely wounded.
You feel sick. The adder bites you but does no damage.
You closely miss the adder.
The adder is severely wounded.
You feel sick.
You are no longer poisoned.
The adder bites you but does no damage. The adder closely misses you.
You miss the adder.
The adder is severely wounded.
The adder misses you.
You closely miss the adder.
The adder is severely wounded.
The adder bites you.
* * * LOW HITPOINT WARNING * * *
You are lethally poisoned!
The adder poisons you! The adder closely misses you.
You miss the adder.
The adder is severely wounded.
You die...

##.# . ... .
.###.. ####.#
..... .....#
#...##..#..
#..........
#...#..#.. #
##.#.#S.#...# #.
#....@†.....# #.
#..#.#..#.#.# #..
#....#..#.# ##..
#....#..#.#
....#.......#.#
####..#..####.#.#
................#
###..####.#.#
#..####.#.#


You could see an adder.

Vanquished Creatures
  A giant cockroach (D:2)
  A goblin (D:1)
  A hobgoblin (D:2)
  A ball python (D:1)
  A frilled lizard (D:1)
  A kobold (D:2)
  A rat (D:1)
7 creatures vanquished.

Notes
Turn   | Place    | Note
-------+----------+-------------------------------------------
     0 | D:1      | SanguineChosen the Hill Orc Cinder Acolyte began the quest
                  | for the Orb.
     0 | D:1      | Reached XP level 1. HP: 19/19 MP: 2/2
  1350 | D:2      | Reached XP level 2. HP: 11/27 MP: 3/3
  1354 | D:2      | HP: 1/27 [adder (4)]
  1355 | D:2      | Succumbed to an adder's poison

Illustrated notes

Levels and vault maps discovered:
D:1:      lightli_arrival_isolated_outpost, layout_loops_corners
D:2:      layout_basic

Action                   || total
-------------------------++-------
Melee: Hand axe          ||    32
       Punch             ||     1
Armor: Robe              ||    11
Dodge: Dodged            ||    18
